 Dungeon Sprint DCSS version 0.27.1 (webtiles) character file.

Game seed: 17949172130571892395

2016 styxcanada the Unseen (level 9, -9/72 HPs)
             Began as a Spriggan Brigand on Aug 22, 2021.
             Was an Initiate of Gozag.
             Killed from afar by an oklob plant (12 damage)
             ... with a splash of acid
             ... in the Dungeon (Sprint IV: "Fedhas' Mad Dash").
             The game lasted 00:07:36 (1227 turns).

styxcanada the Unseen (Spriggan Brigand)            Turns: 1227, Time: 00:07:37

Health: -9/72      AC:  5    Str:  7    XL:     9   Next: 3%
Magic:  10/10      EV: 23    Int: 13    God:    Gozag
Gold:   886        SH:  7    Dex: 19    Spells: 8/8 levels left

rFire    . . .     SeeInvis +   p - +2 dagger (pain)
rCold    . . .     Faith    .   n - +0 buckler
rNeg     . . .     Spirit   .   b - +0 robe
rPois    .         Reflect  .   (helmet restricted)
rElec    .         Harm     .   c - +2 cloak
rCorr    .         Rampage  .   (gloves unavailable)
Will     +....     NoTele   +   (boots unavailable)
Stlth    ..........             m - amulet of invisibility {+Inv}
HPRegen  0.22/turn              f - +4 ring of protection
MPRegen  0.12/turn              (no ring)

@: berserking (expiring), corroded, very slightly contaminated, very quick
A: very small, no large weapons, unfitting armour, see invisible, speed 3
a: Renounce Religion, Evoke Invisibility, Potion Petition, Call Merchant, Bribe
Branch


You were in the Dungeon.
You worshipped Gozag.
Gozag was pleased with you.
You visited 1 branch You collected 1283 gold pieces.
You spent 397 gold pieces at shops.

Inventory:

Hand Weapons
 a - a +2 dagger
 p - a +2 dagger of pain (weapon)
Missiles
 d - 7 poisoned darts (quivered)
 e - a curare-tipped dart
 l - 24 stones
Armour
 b - a +0 robe (worn)
 c - a +2 cloak (worn)
 n - a +0 buckler (worn)
Jewellery
 f - a +4 ring of protection (left hand)
 m - the amulet of invisibility (around neck) {+Inv}
   (You found it in the Dungeon)

   [amulet of nothing]

   +Inv:      It lets you turn invisible.
Scrolls
 k - a scroll of blinking
Potions
 g - 2 potions of heal wounds
 h - a potion of haste
 i - 2 potions of magic
 j - 2 potions of berserk rage
 q - 2 potions of brilliance {unknown}


   Skills:
 * Level 5.6 Fighting
 + Level 4.5 Short Blades
 + Level 5.9 Throwing
 * Level 8.7 Dodging
 * Level 20.3 Stealth
 * Level 3.6 Shields
 * Level 2.6 Necromancy
 * Level 9.0 Evocations


You had 8 spell levels left.
You didn't know any spells.
Your spell library was empty.

Dungeon Overview and Level Annotations

Branches:
Dungeon (1/1)

Altars:
Cheibriados
Dithmenos
Elyvilon
Gozag
Hepliaklqana
Kikubaaqudgha
Makhleb
Nemelex Xobeh
Okawaru
Qazlal
Ru
Sif Muna
Trog
Uskayaw
Vehumet
Wu Jian
Xom
Yredelemnul
Zin
The Shining One
Beogh
Jiyva
Lugonu

Shops:
D !(([

Annotations:
D exclusions: oklob plant and oklob sapling


Innate Abilities, Weirdness & Mutations

You are very small and have problems with some larger weapons.
You are too small for most types of armour.
You have supernaturally acute eyesight. (SInv)
You cover ground extremely quickly. (Speed+++)


Message History

The oklob sapling spits acid at you. The splash of acid hits you.
The acid corrodes you!
You are splashed with acid!
You hit the burning bush.
The burning bush is moderately damaged.
The burning bush throws fire at you. The puff of flame hits you!
The oklob sapling spits acid at you. The splash of acid hits you.
The acid corrodes you!
You are splashed with acid!
You completely miss the burning bush.
The burning bush is moderately damaged.
You hit the burning bush but do no damage.
The burning bush is moderately damaged.
The oklob plant spits acid at you. The splash of acid hits you.
The acid corrodes you!
You are splashed with acid!
* * * LOW HITPOINT WARNING * * *
You hit the burning bush but do no damage.
The burning bush is moderately damaged.
You hit the burning bush but do no damage.
The burning bush is moderately damaged.
The burning bush throws fire at you. The puff of flame hits you!
* * * LOW HITPOINT WARNING * * *
You hit the burning bush but do no damage.
The burning bush is moderately damaged.
You hit the burning bush.
The burning bush is moderately damaged.
You hit the burning bush.
The burning bush is moderately damaged.
You completely miss the burning bush.
The burning bush is moderately damaged.
The burning bush throws fire at you. You block the puff of flame.
You hit the burning bush.
The burning bush is heavily damaged.
You hit the burning bush.
The burning bush is heavily damaged.
The oklob plant spits acid at you. The splash of acid hits you!
You die...
Your body crumbles into a pile of gold.

#<÷..#.....#.....#.⌠._._._
#P...'...†.'.#...'.._._._.
#PPPP#.....#.#...#..._._._
###############'##.._._._.
#...♣........'...#._._._._
#......♣.....#...#########
#.....♣..♣..######
##'####'######P)+
#..#....'@.....f#
#..#..###P...P..# $$
####### #########


You could see an oklob plant, a wandering mushroom, a burning bush and an oklob
sapling.

Vanquished Creatures
  An oklob plant (D)
  2 wandering mushrooms (D)
  A queen bee (D)
  2 burning bushes (D)
  3 scorpions (D)
  4 killer bees (D)
  4 oklob saplings (D)
  2 spriggans (D)
  A river rat (D)
  A rat (D)
21 creatures vanquished.

Vanquished Creatures (others)
  2 fungi (D)
2 creatures vanquished.

Grand Total: 23 creatures vanquished

Notes
Turn   | Place    | Note
-------+----------+-------------------------------------------
     0 | D        | styxcanada the Spriggan Brigand began the quest for the
                  | Orb.
     0 | D        | Reached XP level 1. HP: 10/10 MP: 2/2
    16 | D        | Reached skill level 7 in Stealth
    16 | D        | Reached XP level 2. HP: 9/15 MP: 3/3
   134 | D        | Noticed an oklob sapling
   136 | D        | Killed an oklob sapling
   137 | D        | Reached skill level 9 in Stealth
   137 | D        | Reached XP level 3. HP: 18/18 MP: 4/4
   138 | D        | Noticed a scorpion
   138 | D        | Found the amulet of invisibility {+Inv}
   150 | D        | Killed a scorpion
   151 | D        | Reached skill level 11 in Stealth
   151 | D        | Reached XP level 4. HP: 16/23 MP: 5/5
   287 | D        | Found an opulent altar of Gozag.
   287 | D        | Found a hazy altar of Hepliaklqana.
   287 | D        | Found a burning altar of Makhleb.
   287 | D        | Found a sparkling altar of Nemelex Xobeh.
   287 | D        | Found a snail-covered altar of Cheibriados.
   287 | D        | Found a sacrificial altar of Ru.
   287 | D        | Found a shimmering blue altar of Sif Muna.
   287 | D        | Found a shimmering altar of Xom.
   287 | D        | Found a basalt altar of Yredelemnul.
   288 | D        | Found a viscous altar of Jiyva.
   288 | D        | Found a bloodstained altar of Trog.
   288 | D        | Found an ornate altar of the Wu Jian Council.
   289 | D        | Found an iron altar of Okawaru.
   289 | D        | Found a shadowy altar of Dithmenos.
   289 | D        | Found a glowing silver altar of Zin.
   290 | D        | Found an ancient bone altar of Kikubaaqudgha.
   290 | D        | Found a hide-covered altar of Uskayaw.
   291 | D        | Found a stormy altar of Qazlal.
   291 | D        | Found a white marble altar of Elyvilon.
   291 | D        | Found a glowing golden altar of the Shining One.
   292 | D        | Became a worshipper of Gozag Ym Sagoz the Greedy
   293 | D        | Found a corrupted altar of Lugonu.
   293 | D        | Found a radiant altar of Vehumet.
   297 | D        | Reached skill level 13 in Stealth
   297 | D        | Reached XP level 5. HP: 28/28 MP: 3/6
   356 | D        | Reached skill level 1 in Evocations
   621 | D        | Reached skill level 5 in Dodging
   621 | D        | Reached skill level 14 in Stealth
   624 | D        | Reached skill level 15 in Stealth
   624 | D        | Reached XP level 6. HP: 33/33 MP: 4/7
   652 | D        | Found Viav's Antique Weapon Shop.
   652 | D        | Found Xediji Sifo's Distillery.
   658 | D        | Bought a potion of degeneration for 12 gold pieces
   658 | D        | Bought 2 potions of berserk rage for 120 gold pieces
   658 | D        | Bought a potion of heal wounds for 60 gold pieces
   659 | D        | Bought a glowing dagger for 145 gold pieces
   687 | D        | Noticed a burning bush
   687 | D        | Noticed a wandering mushroom
   688 | D        | Noticed a wandering mushroom
   691 | D        | Killed a burning bush
   692 | D        | Reached skill level 16 in Stealth
   692 | D        | Reached skill level 1 in Shields
   692 | D        | Killed a wandering mushroom
   693 | D        | Reached skill level 5 in Throwing
   693 | D        | Reached skill level 17 in Stealth
   693 | D        | Reached skill level 5 in Evocations
   693 | D        | Reached XP level 7. HP: 38/38 MP: 5/8
   695 | D        | Killed a wandering mushroom
   696 | D        | Reached skill level 5 in Fighting
   696 | D        | Reached skill level 18 in Stealth
   696 | D        | Reached XP level 8. HP: 43/43 MP: 5/9
   710 | D        | Found Umyif's Antique Armour Emporium.
   710 | D        | Found Samnya Jups's Antique Weapon Shoppe.
   771 | D        | Noticed a queen bee
   778 | D        | Killed a queen bee
   779 | D        | Reached skill level 19 in Stealth
   779 | D        | Reached skill level 1 in Necromancy
   846 | D        | Noticed an oklob plant
   849 | D        | Killed an oklob plant
   850 | D        | Reached skill level 20 in Stealth
   863 | D        | Noticed a burning bush
  1080 | D        | Bought a potion of berserk rage for 60 gold pieces
  1144 | D        | Killed a burning bush
  1145 | D        | Reached XP level 9. HP: 48/48 MP: 8/10
  1195 | D        | Noticed a burning bush
  1195 | D        | Noticed an oklob plant
  1196 | D        | Noticed a wandering mushroom
  1221 | D        | HP: 2/72 [burning bush/puff of flame (10)]
  1227 | D        | Killed from afar by an oklob plant

Illustrated notes

Levels and vault maps discovered:
D:        dungeon_sprint_fedhas [sprint_temple]

Skill      XL: |  1  2  3  4  5  6  7  8 |
---------------+-------------------------+-----
Dodging        | 2 3 4 5 7 8 |  8.7
Stealth        | 7 9 11 13 15 17 18 20 | 20.3
Fighting       | 2 3 4 5 |  5.6
Throwing       | 3 4 5 |  5.9
Short Blades   | 3 4 |  4.5
Evocations     | 2 5 6 9 |  9.0
Shields        | 2 3 |  3.6
Necromancy     | 2 |  2.6

Action                   |  1- 3 |  4- 6 |  7- 9 || total
-------------------------+-------+-------+-------++-------
Melee: Dagger            |    10 |     7 |    49 ||    66
Throw: Dart              |    12 |       |       ||    12
 Abil: Evoke Invisibilit |       |     4 |     4 ||     8
  Use: Potion            |     1 |       |     2 ||     3
       Scroll            |       |       |     3 ||     3
 Stab: Sleeping          |     1 |     5 |     9 ||    15
       Invisible         |       |     2 |       ||     2
       Distracted        |       |       |     1 ||     1
Dodge: Dodged            |     6 |       |     4 ||    10
Block: Buckler           |       |       |     2 ||     2
